 Dungeon Crawl Stone Soup version 0.22-a0-305-gd21a89c538 (webtiles) character file.

38 Oravi the Bolt Thrower (level 3, -2/22 HPs)
             Began as a Kobold Hunter on Mar 31, 2018.
             Slain by an adder (4 damage)
             ... on level 2 of the Dungeon.
             The game lasted 00:05:10 (1409 turns).

Oravi the Bolt Thrower (Kobold Hunter)              Turns: 1409, Time: 00:05:11

Health: -2/22      AC:  1    Str: 10    XL:     3   Next: 65%
Magic:  3/3        EV: 15    Int: 12    God:
Gold:   56         SH:  0    Dex: 15    Spells: 2/2 levels left

rFire    . . .     SeeInvis .   b - +0 short sword
rCold    . . .     Gourm    .   (shield restricted)
rNeg     . . .     Faith    .   l - +0 robe (curse)
rPois    .         Spirit   .   (no helmet)
rElec    .         Reflect  .   (no cloak)
rCorr    .         Harm     .   e - -2 pair of gloves (curse)
MR       .....                  (no boots)
Stlth    ++........             (no amulet)
HPRegen  0.07/turn              (no ring)
MPRegen  0.08/turn              (no ring)

@: lethally poisoned (-2 -> -7)
A: small, carnivore
a: no special abilities


You were on level 2 of the Dungeon.
You were completely stuffed.

You visited 1 branch of the dungeon, and saw 2 of its levels.

You collected 56 gold pieces.

Inventory:

Hand Weapons
 a - a +1 hand crossbow
 b - a +0 short sword (weapon)
Missiles
 d - 15 bolts
Armour
 c - a +1 leather armour
 e - a cursed -2 pair of gloves (worn)
 l - a cursed +0 robe (worn)
Scrolls
 j - a scroll of immolation
Potions
 h - a potion of brilliance
Comestibles
 f - 4 rations


   Skills:
 + Level 2.3 Fighting
 + Level 1.4 Short Blades
 + Level 5.8 Crossbows
 + Level 2.5 Dodging
 - Level 1.3 Stealth


You had 2 spell levels left.
You didn't know any spells.

Dungeon Overview and Level Annotations

Branches:
Dungeon (2/15)

Altars:


Innate Abilities, Weirdness & Mutations

You are small and have problems with some larger weapons.
You are carnivorous and can eat meat at any time.


Message History

You miss the adder.
The adder is severely wounded.
* * * LOW HITPOINT WARNING * * *
You feel sick. The adder misses you.
You hit the adder.
The adder is almost dead.
* * * LOW HITPOINT WARNING * * *
You feel sick. The adder closely misses you. The adder bites you.
* * * LOW HITPOINT WARNING * * *
You miss the adder.
The adder is almost dead.
The adder misses you.
You barely miss the adder.
The adder is almost dead.
The adder barely misses you.
You barely miss the adder.
The adder is almost dead.
* * * LOW HITPOINT WARNING * * *
You feel sick. The adder bites you.
You die...

#....... ....... #......#
#..... #......# #.....
#......# #..... #......#
#..... ##......+ #.....
#....).# #.#### #.[....#
#.# #S@....#### #.#
.........>.....# #.####
(...........##.####.....
(...........##[..#######
.........>..####....รท...
###########.##....######
#.##.#...# #.##.....# #.
#.....#


You could see an adder.

Vanquished Creatures
  A gnoll (D:1)
  2 dart slugs
  A worm (D:2)
  A leopard gecko (D:2)
  A ball python (D:2)
  A bat (D:1)
  3 goblins
  4 hobgoblins (D:2)
  3 frilled lizards
  3 kobolds
  A rat (D:2)
21 creatures vanquished.

Notes
Turn   | Place    | Note
-------+----------+-------------------------------------------
     0 | D:1      | Oravi the Kobold Hunter began the quest for the Orb.
     0 | D:1      | Reached XP level 1. HP: 12/12 MP: 1/1
   338 | D:1      | Reached skill level 5 in Crossbows
   502 | D:1      | Reached XP level 2. HP: 15/17 MP: 2/2
   983 | D:2      | Reached XP level 3. HP: 21/21 MP: 3/3
  1246 | D:2      | Reached skill level 1 in Short Blades
  1409 | D:2      | Slain by an adder

Vault maps used:
D:1:      dpeg_arrival_more_subterranean_lakeside_camping
D:2:      first_ration

Skill      XL: |  1  2  3 |
---------------+----------+-----
Crossbows      | 5 |  5.8
Short Blades   | 1 |  1.4
Fighting       | |  2.3
Dodging        | |  2.5
Stealth        | |  1.3

Action                   || total
-------------------------++-------
Melee: Short sword       ||    70
 Fire: Hand crossbow     ||    18
  Use: Scroll            ||     5
 Stab: Distracted        ||     1
  Eat: Chunk             ||    10
Armor: Leather armour    ||     9
Dodge: Dodged            ||    50

Table legend:
 A = Spawn XP
 B = Non-spawn XP
 C = Spawn XP percentage of total XP
 D = Spawn monster count
 E = Non-spawn monster count
 F = Spawn count percentage of total count
 G = Total turns spent on level
                    A         B        C        D         E        F      G
               +---------+---------+-------+---------+---------+-------+---------
         Total |       0 |      55 |   0.0 |       0 |      21 |   0.0 |  1409
               +---------+---------+-------+---------+---------+-------+---------
           D:1 |       0 |      25 |   0.0 |       0 |       6 |   0.0 |   928
           D:2 |       0 |      30 |   0.0 |       0 |      15 |   0.0 |   481
               +---------+---------+-------+---------+---------+-------+---------
